[Event "DVM U12w 2023"]
[Site "Magdeburg"]
[Date "2023.12.30"]
[Round "7"]
[White "Burchardi, Helena"]
[Black "Daaboul, Dima"]
[Result "1-0"]
[WhiteElo "1370"]
[BlackElo "1184"]
[PlyCount "89"]
[EventDate "2022.12.27"]
[EventType "team-tourn"]
[EventRounds "7"]
[EventCountry "GER"]
[TimeControl "40/5400+30:1800+30"]
[WhiteClock "0:43:44"]
[BlackClock "0:01:45"]

1. e4 d5 2. exd5 Qxd5 3. Nc3 Qd8 4. d4 Nf6 5. Nf3 c6 6. Bc4 e6 7. O-O Be7 8. Bf4 Nbd7 9. Qe2 O-O 10. Ng5 Nd5 11. Nxd5 exd5 12. Nxh7 Kxh7 13. Qh5+ Kg8 14. Bd3 Nf6 15. Qf3 Bd6 16. Bg5 Be7 17. Rfe1 Re8 18. Qg3 Be6 19. Re3 Qd7 20. f3 Nh5 21. Qh4 Bxg5 22. Qxg5 Nf6 23. Rae1 Qd8 24. h4 Nh7 25. Qh5 g6 26. Qh6 Qf6 27. h5 Qg7 28. Qf4 gxh5 29. Re5 Kh8 30. Rxh5 Rg8 31. Rxh7+ Qxh7 32. Bxh7 Kxh7 33. Qh4+ Kg7 34. Re5 Kf8 35. Qf6 Re8 36. g4 Rg6 37. Qh8+ Rg8 38. Qh6+ Rg7 39. Rg5 Ke7 40. Rxg7 Kd6 41. Rxf7 b6 42. Rf6 Kd7 43. g5 a6 44. Rf8 Rxf8 45. Qxf8 {[%emt 0:00:08] normal} 1-0

[Event "DVM U12w 2023"]
[Site "Magdeburg"]
[Date "2023.12.30"]
[Round "7"]
[White "Busch, Lara Sophie"]
[Black "Mersmann, Jasmin"]
[Result "1/2-1/2"]
[WhiteElo "1330"]
[BlackElo "1131"]
[PlyCount "52"]
[EventDate "2022.12.27"]
[EventType "team-tourn"]
[EventRounds "7"]
[EventCountry "GER"]
[TimeControl "40/5400+30:1800+30"]
[WhiteClock "1:07:02"]
[BlackClock "1:24:29"]

1. e4 e5 2. Nf3 Nc6 3. Bc4 Bc5 4. Nc3 Nf6 5. d3 h6 6. h3 d6 7. a3 Be6 8. Ba2 O-O 9. Be3 Bb6 10. O-O Nd7 11. Nd5 Nf6 12. c3 Rc8 13. Nd2 Kh8 14. Nxb6 axb6 15. f4 exf4 16. Bxf4 Nd7 17. d4 Bxa2 18. Rxa2 f5 19. exf5 Rxf5 20. Bh2 Qf6 21. Ra1 Re8 22. Qg4 Rf8 23. Rae1 Qf7 24. Rxf5 Qxf5 25. Qxf5 Rxf5 26. Nf3 Nf6 {[%emt 0:02:04] normal} 1/2-1/2

[Event "DVM U12w 2023"]
[Site "Magdeburg"]
[Date "2023.12.30"]
[Round "7"]
[White "Kuebart, Ela Marie"]
[Black "Stepanova, Anhelina"]
[Result "1/2-1/2"]
[WhiteElo "1325"]
[BlackElo "1172"]
[PlyCount "56"]
[EventDate "2022.12.27"]
[EventType "team-tourn"]
[EventRounds "7"]
[EventCountry "GER"]
[TimeControl "40/5400+30:1800+30"]
[WhiteClock "1:03:20"]
[BlackClock "1:33:57"]

1. c4 Nc6 2. g3 Nf6 3. Bg2 e5 4. e4 Bc5 5. Ne2 d6 6. Nbc3 Be6 7. d3 a6 8. O-O Qd7 9. Be3 Nd4 10. Rb1 Bh3 11. b4 Ba7 12. Nd5 c6 13. Nxf6+ gxf6 14. Bxd4 Bxd4 15. Nxd4 exd4 16. Qf3 Bxg2 17. Kxg2 Qe6 18. Qf5 Qxf5 19. exf5 O-O-O 20. Rfe1 Rde8 21. f4 Kd7 22. Rxe8 Rxe8 23. Kf2 Re3 24. Rb3 Kc7 25. c5 d5 26. a3 b5 27. Kg2 h5 28. Kh3 Re2 {[%emt 0:00:21] normal} 1/2-1/2

[Event "DVM U12w 2023"]
[Site "Magdeburg"]
[Date "2023.12.30"]
[Round "7"]
[White "Ramien, Eva"]
[Black "Zhou, Leyi Charlotte"]
[Result "0-1"]
[WhiteElo "1324"]
[BlackElo "1335"]
[PlyCount "72"]
[EventDate "2022.12.27"]
[EventType "team-tourn"]
[EventRounds "7"]
[EventCountry "GER"]
[TimeControl "40/5400+30:1800+30"]
[WhiteClock "0:12:43"]
[BlackClock "1:02:46"]

1. e4 e5 2. Nf3 Nc6 3. d4 exd4 4. Bc4 Nf6 5. e5 d5 6. Bb5 Ne4 7. Nxd4 Bd7 8. Bxc6 Bxc6 9. f3 Ng5 10. f4 Ne6 11. Nxe6 fxe6 12. Qh5+ g6 13. Qg4 Qe7 14. Be3 O-O-O 15. Bd4 Bd7 16. Nd2 Qb4 17. Bc3 Qb6 18. Nb3 Qe3+ 19. Kd1 Qe4 20. Re1 Qc4 21. Kd2 Kb8 22. Qh4 Bb4 23. Bxb4 Qxb4+ 24. c3 Qb6 25. Kc2 Ba4 26. Rf1 d4 27. Rad1 d3+ 28. Rxd3 Rxd3 29. Kxd3 Bb5+ 30. c4 Bxc4+ 31. Kxc4 Qa6+ 32. Kb4 Qxf1 33. Qf6 Qe1+ 34. Ka3 Rc8 35. Qxe6 Qe3 36. Qf7 a5 {[%emt 0:00:34] normal} 0-1

[Event "DVM U12w 2023"]
[Site "Magdeburg"]
[Date "2023.12.30"]
[Round "7"]
[White "Shynkar, Daria"]
[Black "Will, Elina"]
[Result "1/2-1/2"]
[WhiteElo "1316"]
[BlackElo "1325"]
[PlyCount "103"]
[EventDate "2022.12.27"]
[EventType "team-tourn"]
[EventRounds "7"]
[EventCountry "GER"]
[TimeControl "40/5400+30:1800+30"]
[WhiteClock "0:11:29"]
[BlackClock "0:59:51"]

1. d4 Nf6 2. c4 g6 3. Nc3 d5 4. cxd5 Nxd5 5. e4 Nxc3 6. bxc3 Bg7 7. Be3 c5 8. Qd2 Qa5 9. Ne2 Nd7 10. Rc1 b6 11. g3 Bb7 12. f3 Rd8 13. Bh6 Ne5 14. Ng1 Bxh6 15. Qxh6 cxd4 16. Qd2 dxc3 17. Qxc3 Qxc3+ 18. Rxc3 O-O 19. Rc7 Rd7 20. Rxd7 Nxd7 21. Nh3 Ne5 22. Bg2 Rd8 23. O-O Ba6 24. Ra1 Rd2 25. a4 Be2 26. f4 Ng4 27. Nf2 Nxf2 28. Kxf2 Bd3+ 29. Kg1 Re2 30. e5 Rb2 31. Bc6 Rb1+ 32. Rxb1 Bxb1 33. Kf2 Kf8 34. Ke3 e6 35. Kd4 Ba2 36. Kc3 Ke7 37. Kb4 Bd5 38. Bb5 Bb7 39. Bc4 Kd7 40. Bd3 Kc7 41. Bb5 Bc6 42. Ba6 Bb7 43. Bb5 a5+ 44. Kc4 Bc6 45. Kb3 Bxb5 46. axb5 Kd7 47. g4 h6 48. g5 hxg5 49. fxg5 Ke7 50. h4 Kf8 51. Ka4 Kg7 52. Kb3 {[%emt 0:00:13] normal} 1/2-1/2

[Event "DVM U12w 2023"]
[Site "Magdeburg"]
[Date "2023.12.30"]
[Round "7"]
[White "Kuehne, Malin"]
[Black "Xu, Dorothea Sicheng"]
[Result "1-0"]
[WhiteElo "1264"]
[BlackElo "1118"]
[PlyCount "125"]
[EventDate "2022.12.27"]
[EventType "team-tourn"]
[EventRounds "7"]
[EventCountry "GER"]
[TimeControl "40/5400+30:1800+30"]
[WhiteClock "0:25:20"]
[BlackClock "0:56:24"]

1. d4 d5 2. c4 e6 3. Nc3 Nf6 4. cxd5 Nxd5 5. Nxd5 exd5 6. e3 Be6 7. Bd3 Bb4+ 8. Bd2 Bxd2+ 9. Qxd2 O-O 10. Ne2 Nd7 11. O-O c5 12. Qc2 b6 13. Bxh7+ Kh8 14. Bf5 Bxf5 15. Qxf5 Nf6 16. dxc5 bxc5 17. Rfd1 Rb8 18. b3 Kg8 19. Nf4 Qd6 20. Nxd5 Nxd5 21. Qxd5 Qxd5 22. Rxd5 Rb5 23. Kf1 f6 24. Rc1 Rc8 25. g3 Kf7 26. b4 Rxb4 27. Rdxc5 Rxc5 28. Rxc5 Ra4 29. Rc2 Ke6 30. Kg2 g5 31. f3 Ra3 32. Re2 Kd5 33. h4 Ra6 34. hxg5 fxg5 35. f4 gxf4 36. exf4 Rf6 37. Kf3 Kd4 38. g4 Kd3 39. Re5 Kd4 40. g5 Rg6 41. Kg4 Rg7 42. Re6 Kd5 43. f5 a5 44. Ra6 Ke5 45. Rxa5+ Kd6 46. Ra6+ Ke5 47. Re6+ Kd5 48. Re2 Kd6 49. f6 Rf7 50. Re7 Rf8 51. Kf5 Kd5 52. g6 Kd6 53. Re2 Kd5 54. g7 Rg8 55. Kg6 Kd4 56. f7 Rxg7+ 57. Kxg7 Kd3 58. Re7 Kd4 59. f8=Q Kd5 60. Qd8+ Kc6 61. Rc7+ Kb6 62. Qb8+ Ka6 63. Ra7# {[%emt 0:00:40] normal} 1-0

[Event "DVM U12w 2023"]
[Site "Magdeburg"]
[Date "2023.12.30"]
[Round "7"]
[White "Roessling, Laura Marie"]
[Black "Wieckowicz, Bui Havy"]
[Result "1-0"]
[WhiteElo "1232"]
[BlackElo "1175"]
[PlyCount "45"]
[EventDate "2022.12.27"]
[EventType "team-tourn"]
[EventRounds "7"]
[EventCountry "GER"]
[TimeControl "40/5400+30:1800+30"]
[WhiteClock "0:58:10"]
[BlackClock "1:11:02"]

1. e4 c5 2. Nf3 Nc6 3. d4 cxd4 4. Nxd4 Nf6 5. Nc3 d6 6. f3 e6 7. Be3 Be7 8. Qd2 a6 9. O-O-O Qc7 10. g4 b5 11. h4 Na5 12. h5 Nc4 13. Bxc4 bxc4 14. g5 Nd7 15. g6 Nf6 16. gxf7+ Kxf7 17. Qg2 Rg8 18. f4 Bb7 19. f5 e5 20. Ne6 Qd7 21. Nd5 Nxd5 22. exd5 h6 23. Qg6# {[%emt 0:00:02] normal} 1-0

[Event "DVM U12w 2023"]
[Site "Magdeburg"]
[Date "2023.12.30"]
[Round "7"]
[White "Korwitz, Pauline"]
[Black "Wilke, Ronja"]
[Result "1-0"]
[WhiteElo "1219"]
[BlackElo "1224"]
[PlyCount "153"]
[EventDate "2022.12.27"]
[EventType "team-tourn"]
[EventRounds "7"]
[EventCountry "GER"]
[TimeControl "40/5400+30:1800+30"]
[WhiteClock "1:02:57"]
[BlackClock "0:51:09"]

1. e4 c6 2. Nf3 d5 3. Nc3 dxe4 4. Nxe4 Bg4 5. Be2 Nd7 6. d4 e6 7. O-O Be7 8. Nfg5 Bxe2 9. Qxe2 Ngf6 10. Nxf6+ Nxf6 11. Nf3 h6 12. Bf4 O-O 13. Rfd1 Bd6 14. Ne5 Nd5 15. Bg3 Qe7 16. c4 Nf6 17. Qf3 Nd7 18. Nxd7 Qxd7 19. Bxd6 Qxd6 20. d5 cxd5 21. cxd5 exd5 22. Qxd5 Qxd5 23. Rxd5 a6 24. Rad1 Rfe8 25. R5d2 Kh7 26. Kf1 f6 27. Re1 Rxe1+ 28. Kxe1 Re8+ 29. Re2 Rc8 30. Kd1 Rc7 31. Rc2 Rf7 32. Ke2 Kg6 33. Kf3 f5 34. Kf4 Kf6 35. Rc5 g5+ 36. Kf3 Rd7 37. Ke2 Ke6 38. f3 Rd5 39. Rxd5 Kxd5 40. Kd3 h5 41. h3 b5 42. b4 f4 43. a3 Ke5 44. Kc3 Kd5 45. Kd3 Ke5 46. Kc3 Kf5 47. Kd4 g4 48. h4 g3 49. Kd5 Kf6 50. Ke4 Ke6 51. Kxf4 Kd5 52. Kg5 Kc4 53. f4 Kd4 54. f5 Ke3 55. f6 Kf2 56. f7 Kxg2 57. f8=Q Kh1 58. Kxh5 g2 59. Qg8 g1=Q 60. Qxg1+ Kxg1 61. Kg5 Kf2 62. h5 Ke3 63. h6 Kd3 64. h7 Kc4 65. h8=Q Kb3 66. Qa1 Ka4 67. Kf5 Kb3 68. Ke5 Kc4 69. Qa2+ Kc3 70. Kd5 Kd3 71. Qb3+ Kd2 72. Ke4 a5 73. bxa5 b4 74. axb4 Kc1 75. Qa2 Kd1 76. Kd3 Ke1 77. Qe2# {[%emt 0:00:10] normal} 1-0

[Event "DVM U12w 2023"]
[Site "Magdeburg"]
[Date "2023.12.30"]
[Round "7"]
[White "Gerth, Lydia"]
[Black "Hofmeier, Viktoria"]
[Result "1/2-1/2"]
[WhiteElo "1214"]
[BlackElo "1408"]
[PlyCount "72"]
[EventDate "2022.12.27"]
[EventType "team-tourn"]
[EventRounds "7"]
[EventCountry "GER"]
[TimeControl "40/5400+30:1800+30"]
[WhiteClock "0:44:39"]
[BlackClock "1:07:19"]

1. e4 e5 2. Nf3 Nc6 3. Bc4 Nf6 4. d3 h6 5. Nc3 Bc5 6. Be3 Bb6 7. O-O O-O 8. a3 d6 9. h3 Be6 10. Nd5 Re8 11. Nh2 Bxd5 12. Bxd5 Nxd5 13. exd5 Ne7 14. c4 Nf5 15. Qf3 Nd4 16. Qg4 Qf6 17. Kh1 Nc2 18. Rac1 Nxe3 19. fxe3 Qg6 20. Qxg6 fxg6 21. e4 Rf8 22. Rf3 Bd4 23. Rb1 Rf7 24. Rxf7 Kxf7 25. Nf3 Bb6 26. b4 a5 27. b5 Bc5 28. a4 g5 29. g4 Rf8 30. Kg2 Ke7 31. Kg3 Rf6 32. Rh1 Kf7 33. h4 gxh4+ 34. Rxh4 g5 35. Rh5 Kg6 36. Kg2 Rf4 {[%emt 0:00:38] normal} 1/2-1/2

[Event "DVM U12w 2023"]
[Site "Magdeburg"]
[Date "2023.12.30"]
[Round "7"]
[White "Berger, Jennifer"]
[Black "Roessler, Helena"]
[Result "0-1"]
[WhiteElo "1210"]
[BlackElo "1060"]
[PlyCount "72"]
[EventDate "2022.12.27"]
[EventType "team-tourn"]
[EventRounds "7"]
[EventCountry "GER"]
[TimeControl "40/5400+30:1800+30"]
[WhiteClock "1:05:18"]
[BlackClock "0:57:46"]

1. e4 c5 2. d4 cxd4 3. c3 d5 4. exd5 Qxd5 5. cxd4 e6 6. Nc3 Bb4 7. a3 Bxc3+ 8. bxc3 Nc6 9. Nf3 Nf6 10. Bf4 O-O 11. Bd3 Bd7 12. O-O Rac8 13. Qe2 h6 14. Rab1 Na5 15. Rfc1 Nc4 16. Bxc4 Rxc4 17. Be5 Ne4 18. Qd3 Rfc8 19. Rb3 Ba4 20. Rb4 Rxc3 21. Rxc3 Rxc3 22. Qe2 Rc1+ 23. Ne1 Bc6 24. h3 Nc3 25. Qf1 Rxe1 26. f3 Rxf1+ 27. Kxf1 f6 28. Bf4 e5 29. dxe5 fxe5 30. Kf2 Qc5+ 31. Be3 Nd1+ 32. Kg3 Qxe3 33. h4 Qf2+ 34. Kg4 Qxg2+ 35. Kf5 Qxf3+ 36. Ke6 Qf6# {[%emt 0:00:32] normal} 0-1

[Event "DVM U12w 2023"]
[Site "Magdeburg"]
[Date "2023.12.30"]
[Round "7"]
[White "Mauhs, Helena"]
[Black "Oschinski, Mathilda"]
[Result "1-0"]
[WhiteElo "1194"]
[BlackElo "1155"]
[PlyCount "52"]
[EventDate "2022.12.27"]
[EventType "team-tourn"]
[EventRounds "7"]
[EventCountry "GER"]
[TimeControl "40/5400+30:1800+30"]
[WhiteClock "0:36:50"]
[BlackClock "0:33:46"]

1. e4 c5 2. Nf3 g6 3. Bc4 Nc6 4. Nc3 Bg7 5. O-O e6 6. d3 Nge7 7. Bf4 O-O 8. Re1 d5 9. Bb3 dxe4 10. dxe4 Qxd1 11. Raxd1 b6 12. Bd6 Rd8 13. Bxe7 Rxd1 14. Rxd1 Nxe7 15. Rd8+ Bf8 16. Ne5 Bb7 17. Rd7 Bc6 18. Rc7 Be8 19. g4 b5 20. Rxc5 Nd5 21. Bxd5 exd5 22. Rxd5 f6 23. Nd7 Bxd7 24. Rxd7 b4 25. Nd5 a5 26. Nxf6+ Kh8 {normal} 1-0

[Event "DVM U12w 2023"]
[Site "Magdeburg"]
[Date "2023.12.30"]
[Round "7"]
[White "Albrecht, Sidney Jenna"]
[Black "Grunert, Greta"]
[Result "1-0"]
[WhiteElo "1188"]
[BlackElo "1288"]
[PlyCount "141"]
[EventDate "2022.12.27"]
[EventType "team-tourn"]
[EventRounds "7"]
[EventCountry "GER"]
[TimeControl "40/5400+30:1800+30"]
[WhiteClock "0:42:39"]
[BlackClock "0:18:49"]

1. c4 e6 2. g3 d5 3. Bg2 Nf6 4. e3 Be7 5. Ne2 c5 6. O-O Nc6 7. d4 b6 8. Re1 O-O 9. Nbc3 Ba6 10. b3 Rc8 11. cxd5 exd5 12. dxc5 Nb4 13. Nf4 Rxc5 14. Bb2 Re8 15. a3 Nc6 16. b4 Rc4 17. b5 Rxc3 18. Bxc3 Bxb5 19. Nxd5 Nxd5 20. Bxd5 Bf6 21. Bxf6 Qxf6 22. a4 Ba6 23. Qf3 Qxf3 24. Bxf3 Ne5 25. Be2 Bb7 26. Rec1 Re7 27. f4 Nc6 28. Bf3 Re6 29. Rc3 h6 30. Rac1 Na5 31. Bxb7 Nxb7 32. Rc7 Nc5 33. Rxa7 Rxe3 34. a5 Nb3 35. Rc8+ Kh7 36. axb6 Re1+ 37. Kf2 Rb1 38. b7 Rb2+ 39. Ke3 Na5 40. Rxa5 Rxb7 41. g4 Rb3+ 42. Ke4 Rb4+ 43. Kf3 Rb3+ 44. Kg2 Rb2+ 45. Kf3 Rb3+ 46. Ke2 Rb2+ 47. Kd3 Rxh2 48. g5 hxg5 49. fxg5 Rh3+ 50. Kc4 Rh1 51. Kb5 Rg1 52. Kb6 Rb1+ 53. Rb5 Re1 54. Rc7 Rf1 55. Kc6 Rc1+ 56. Kd7 Rd1+ 57. Ke8 Kg8 58. Rxf7 Re1+ 59. Re7 Rf1 60. g6 Rf6 61. Rg5 Rf1 62. Kd8 Rd1+ 63. Rd7 Re1 64. Kc7 Rc1+ 65. Kd6 Rd1+ 66. Rd5 Rf1 67. Rd8+ Rf8 68. Rxf8+ Kxf8 69. Kd7 Kg8 70. Re5 Kf8 71. Re8# {[%emt 0:00:40] normal} 1-0

[Event "DVM U12w 2023"]
[Site "Magdeburg"]
[Date "2023.12.30"]
[Round "7"]
[White "Wolf, Helena"]
[Black "Hladeniuk, Yelyzaveta"]
[Result "1/2-1/2"]
[WhiteElo "1188"]
[BlackElo "1362"]
[PlyCount "83"]
[EventDate "2022.12.27"]
[EventType "team-tourn"]
[EventRounds "7"]
[EventCountry "GER"]
[TimeControl "40/5400+30:1800+30"]
[WhiteClock "0:20:24"]
[BlackClock "0:39:14"]

1. e4 c6 2. d4 d5 3. exd5 cxd5 4. Bd3 Nc6 5. c3 Nf6 6. Bf4 h6 7. Nf3 Bg4 8. Nbd2 e6 9. Qb3 Qc8 10. O-O Bxf3 11. Nxf3 Be7 12. Rae1 O-O 13. h3 Na5 14. Qc2 Rd8 15. Ne5 Nc4 16. Qb3 Bd6 17. Qc2 Qc7 18. Bh2 Rac8 19. Qe2 b5 20. Rc1 Ne4 21. Rfd1 Nf6 22. Nf3 Bxh2+ 23. Nxh2 Qf4 24. Re1 Qd2 25. Rc2 Qxe2 26. Rexe2 Nh5 27. Re1 Nf4 28. Be2 Nxe2+ 29. Rexe2 Nd6 30. Nf3 Ne4 31. Nd2 Nxd2 32. Rcxd2 Rc4 33. Rd3 Rdc8 34. g3 Kf8 35. Kg2 Ke7 36. h4 Ra8 37. Ree3 a5 38. b3 Rc7 39. a3 a4 40. b4 Rc4 41. Kf1 Rac8 42. Ke2 {[%emt 0:01:11] normal} 1/2-1/2

[Event "DVM U12w 2023"]
[Site "Magdeburg"]
[Date "2023.12.30"]
[Round "7"]
[White "Subocz, Barbara"]
[Black "Goy, Isabella"]
[Result "1/2-1/2"]
[WhiteElo "1169"]
[BlackElo "880"]
[PlyCount "63"]
[EventDate "2022.12.27"]
[EventType "team-tourn"]
[EventRounds "7"]
[EventCountry "GER"]
[TimeControl "40/5400+30:1800+30"]
[WhiteClock "0:47:37"]
[BlackClock "0:36:05"]

1. e4 e5 2. Nf3 Nc6 3. Bb5 Bd6 4. c3 Nf6 5. d3 O-O 6. O-O Re8 7. Nbd2 a6 8. Ba4 b5 9. Bb3 Na5 10. Bc2 Bb7 11. Re1 h6 12. Nf1 c6 13. Ng3 Ng4 14. h3 Nf6 15. Nf5 Bc7 16. a4 Bc8 17. b4 Nb7 18. Be3 bxa4 19. Bxa4 Nd6 20. Ng3 Bb7 21. Nh2 Bb6 22. Qf3 Bxe3 23. fxe3 a5 24. Bb3 axb4 25. Rxa8 Bxa8 26. Ng4 bxc3 27. Rc1 Bb7 28. Rxc3 Ba6 29. Bc2 Qe7 30. Rb3 Qe6 31. Nxf6+ Qxf6 32. Qg4 {[%emt 0:00:44] normal} 1/2-1/2

[Event "DVM U12w 2023"]
[Site "Magdeburg"]
[Date "2023.12.30"]
[Round "7"]
[White "Shakhimardanova, Nigina"]
[Black "Ruddat, Maila"]
[Result "0-1"]
[WhiteElo "1067"]
[BlackElo "1187"]
[PlyCount "98"]
[EventDate "2022.12.27"]
[EventType "team-tourn"]
[EventRounds "7"]
[EventCountry "GER"]
[TimeControl "40/5400+30:1800+30"]
[WhiteClock "1:29:32"]
[BlackClock "1:29:18"]

1. e4 e5 2. f4 d5 3. exd5 exf4 4. Nf3 Nf6 5. Bc4 Bg4 6. O-O Be7 7. d4 O-O 8. Bxf4 Nxd5 9. Bxd5 Qxd5 10. Bxc7 Bd6 11. Bxd6 Qxd6 12. Qd3 Nc6 13. Re1 Bxf3 14. gxf3 Qxd4+ 15. Kg2 Qxd3 16. cxd3 Nd4 17. Rc1 Rfe8 18. Kf2 Re2+ 19. Kg3 Rxb2 20. Nc3 Ne2+ 21. Nxe2 Rxe2 22. Rd1 h6 23. d4 Rd8 24. d5 Re7 25. Rd4 Rd6 26. Rad1 Re2 27. a4 Re8 28. Re4 Red8 29. Red4 a6 30. Kf4 b5 31. axb5 axb5 32. Ke4 Kf8 33. Rb4 Rb8 34. Ke5 Ke7 35. Re1 Kd7 36. Kd4 Rbb6 37. Rd1 Rf6 38. Ke4 Kd6 39. Rc1 g5 40. h3 Rf4+ 41. Ke3 Rxb4 42. Rd1 Rf4 43. Kf2 b4 44. Ke3 b3 45. Kf2 b2 46. Rb1 Rc4 47. Ke3 Rc1 48. Rxc1 bxc1=Q+ 49. Kd4 Rb4+ {[%emt 0:00:13] normal} 0-1

[Event "DVM U12w 2023"]
[Site "Magdeburg"]
[Date "2023.12.30"]
[Round "7"]
[White "Weißleder, Emia"]
[Black "Artemenko, Isabella"]
[Result "0-1"]
[WhiteElo "1041"]
[BlackElo "1041"]
[PlyCount "116"]
[EventDate "2022.12.27"]
[EventType "team-tourn"]
[EventRounds "7"]
[EventCountry "GER"]
[TimeControl "40/5400+30:1800+30"]
[WhiteClock "1:13:22"]
[BlackClock "0:58:49"]

1. d4 d5 2. Nc3 Bf5 3. Bf4 c6 4. f3 e6 5. g4 Bg6 6. h4 h6 7. Qd2 Bd6 8. Nh3 Qxh4+ 9. Nf2 Qd8 10. O-O-O Qc7 11. Bxd6 Qxd6 12. e4 Nd7 13. exd5 exd5 14. Re1+ Kd8 15. Qe2 Ngf6 16. g5 Re8 17. Qd2 Rxe1+ 18. Qxe1 Qf4+ 19. Qd2 Qxg5 20. Qxg5 hxg5 21. Rh8+ Ne8 22. Bh3 Kc7 23. Ng4 Rd8 24. Ne5 Nxe5 25. dxe5 f6 26. e6 Nd6 27. Rxd8 Kxd8 28. b4 Ke7 29. a4 f5 30. b5 Kxe6 31. bxc6 bxc6 32. a5 Nb7 33. a6 Nc5 34. Kd1 Nxa6 35. Ke1 Nb4 36. Kd1 Ke5 37. Na4 Kf4 38. Nc5 Kxf3 39. Ne6 g4 40. Bf1 a5 41. Be2+ Kf2 42. c3 Na2 43. Nf4 Nxc3+ 44. Kd2 Nxe2 45. Nxg6 a4 46. Kc2 c5 47. Ne5 g3 48. Nd3+ Kf1 49. Nxc5 g2 50. Nxa4 g1=Q 51. Nc3 Nxc3 52. Kxc3 g5 53. Kd2 g4 54. Kd1 g3 55. Kc1 g2 56. Kb1 Qc5 57. Ka1 Qb6 58. Ka2 g1=R {[%emt 0:00:10] normal} 0-1

[Event "DVM U12w 2023"]
[Site "Magdeburg"]
[Date "2023.12.30"]
[Round "7"]
[White "Funke, Luise"]
[Black "Winkler, Anni"]
[Result "0-1"]
[WhiteElo "1018"]
[BlackElo "1038"]
[PlyCount "50"]
[EventDate "2022.12.27"]
[EventType "team-tourn"]
[EventRounds "7"]
[EventCountry "GER"]
[TimeControl "40/5400+30:1800+30"]
[WhiteClock "0:35:50"]
[BlackClock "1:08:12"]

1. e4 c5 2. Nf3 Nc6 3. d4 cxd4 4. Nxd4 Nf6 5. Nc3 d6 6. f3 e6 7. Be3 Be7 8. Qd2 a6 9. O-O-O Qc7 10. g4 b5 11. g5 Nh5 12. Nce2 Bb7 13. Bh3 Rc8 14. Bg4 g6 15. Bxh5 gxh5 16. Nxc6 Qxc6 17. Bd4 Rg8 18. Be3 Rc7 19. Nd4 Qd7 20. f4 Bxe4 21. Rhg1 Qc8 22. Kb1 e5 23. fxe5 dxe5 24. Nb3 Rxc2 25. Qa5 Rc1# {[%emt 0:02:11] normal} 0-1

[Event "DVM U12w 2023"]
[Site "Magdeburg"]
[Date "2023.12.30"]
[Round "7"]
[White "Haas, Valentina"]
[Black "Nikitina, Alisa"]
[Result "1-0"]
[WhiteElo "1010"]
[BlackElo "1004"]
[PlyCount "49"]
[EventDate "2022.12.27"]
[EventType "team-tourn"]
[EventRounds "7"]
[EventCountry "GER"]
[TimeControl "40/5400+30:1800+30"]
[WhiteClock "1:21:23"]
[BlackClock "0:24:38"]

1. d4 d5 2. e3 Nc6 3. Bd3 Nf6 4. f4 Bg4 5. Nf3 e6 6. h3 Bf5 7. O-O Bd6 8. Ne5 O-O 9. c3 a6 10. Bxf5 exf5 11. Qe1 Ne4 12. Nd2 Nf6 13. Qh4 b5 14. Rf3 Be7 15. Nxc6 Qe8 16. Nxe7+ Qxe7 17. Rg3 Qd8 18. Qh6 g6 19. Nf3 c6 20. Nh4 Nh5 21. Nxf5 Qf6 22. Rg5 Qh8 23. b3 a5 24. Rxh5 a4 25. Ne7# {[%emt 0:00:13] normal} 1-0

[Event "DVM U12w 2023"]
[Site "Magdeburg"]
[Date "2023.12.30"]
[Round "7"]
[White "Grey, Paula"]
[Black "Rempel, Katharina"]
[Result "1-0"]
[WhiteElo "1008"]
[BlackElo "867"]
[PlyCount "93"]
[EventDate "2022.12.27"]
[EventType "team-tourn"]
[EventRounds "7"]
[EventCountry "GER"]
[TimeControl "40/5400+30:1800+30"]
[WhiteClock "0:17:48"]
[BlackClock "1:11:11"]

1. e4 e5 2. Nf3 Nc6 3. Bc4 Bc5 4. Nc3 d6 5. h3 Nf6 6. d3 Be6 7. Bxe6 fxe6 8. Be3 Bb4 9. Bd2 Bxc3 10. Bxc3 Qd7 11. Qd2 O-O-O 12. O-O-O Rhf8 13. Kb1 h6 14. Qe2 Qf7 15. Rhf1 Nh5 16. Nh2 Nf4 17. Qf3 Nd4 18. Bxd4 exd4 19. g3 Nxh3 20. Qxf7 Rxf7 21. f4 d5 22. e5 g5 23. fxg5 Rf2 24. Rxf2 Nxf2 25. Rf1 Nh3 26. gxh6 Ng5 27. Rh1 Rh8 28. Ng4 Nf7 29. h7 Ng5 30. Nf6 c6 31. c3 dxc3 32. bxc3 c5 33. d4 c4 34. Rh5 Rf8 35. h8=Q Rxh8 36. Rxh8+ Kc7 37. Rg8 Nf7 38. Rg7 Kd8 39. g4 Nd6 40. Rxb7 Kc8 41. Rh7 a6 42. g5 Ne8 43. g6 a5 44. g7 a4 45. g8=R a3 46. Rf8 Kb8 47. Rxe8# {[%emt 0:00:30] normal} 1-0

[Event "DVM U12w 2023"]
[Site "Magdeburg"]
[Date "2023.12.30"]
[Round "7"]
[White "Kuhlmann, Naya"]
[Black "Prasannavenkatesan, Ananya"]
[Result "1-0"]
[WhiteElo "1005"]
[BlackElo "1045"]
[PlyCount "53"]
[EventDate "2022.12.27"]
[EventType "team-tourn"]
[EventRounds "7"]
[EventCountry "GER"]
[TimeControl "40/5400+30:1800+30"]
[WhiteClock "1:04:05"]
[BlackClock "1:26:03"]

1. e4 e5 2. Nf3 Nc6 3. Nc3 Nf6 4. Bc4 Nxe4 5. Bxf7+ Kxf7 6. Nxe4 Ke8 7. O-O d5 8. Ng3 e4 9. Ne1 Bd6 10. Qh5+ g6 11. Qxd5 Bxg3 12. Qxd8+ Kxd8 13. fxg3 Bf5 14. d3 exd3 15. cxd3 Re8 16. Bg5+ Kd7 17. Rd1 Re6 18. Nf3 Bg4 19. d4 Nb4 20. a3 Nd5 21. Ne5+ Kd6 22. Nxg4 h5 23. Ne5 Rae8 24. Rde1 c6 25. b4 b5 26. Rc1 a6 27. Rxc6# {[%emt 0:00:35] normal} 1-0

[Event "DVM U12w 2023"]
[Site "Magdeburg"]
[Date "2023.12.30"]
[Round "7"]
[White "Martin, Helene"]
[Black "Noennig, Lotte"]
[Result "0-1"]
[WhiteElo "989"]
[BlackElo "1345"]
[PlyCount "52"]
[EventDate "2022.12.27"]
[EventType "team-tourn"]
[EventRounds "7"]
[EventCountry "GER"]
[TimeControl "40/5400+30:1800+30"]
[WhiteClock "0:30:50"]
[BlackClock "0:57:30"]

1. e4 e5 2. Nf3 Nc6 3. Bc4 Bc5 4. c3 Nf6 5. d3 d6 6. O-O O-O 7. Be3 Bb6 8. b4 a6 9. Qc2 Qe7 10. a4 Bg4 11. Nbd2 Rad8 12. Bb3 d5 13. exd5 Nxd5 14. Rfe1 Bxe3 15. fxe3 Qf6 16. Kf2 Rfe8 17. e4 Nf4 18. Bc4 Qg6 19. Rg1 Rd6 20. Nb3 Bxf3 21. Kxf3 Qh5+ 22. Ke3 Rg6 23. g3 Qh3 24. Qf2 Rf6 25. Qc2 Rd8 26. Rad1 Qh6 {[%emt 0:07:24] normal} 0-1

[Event "DVM U12w 2023"]
[Site "Magdeburg"]
[Date "2023.12.30"]
[Round "7"]
[White "Khachaturyan, Viktoria"]
[Black "Seyedfakhari, Elena"]
[Result "1-0"]
[WhiteElo "987"]
[BlackElo "860"]
[PlyCount "41"]
[EventDate "2022.12.27"]
[EventType "team-tourn"]
[EventRounds "7"]
[EventCountry "GER"]
[TimeControl "40/5400+30:1800+30"]
[WhiteClock "1:10:00"]
[BlackClock "1:28:10"]

1. e4 e5 2. Nf3 Nc6 3. Nc3 Nf6 4. Bc4 Nxe4 5. O-O Bb4 6. Nxe4 d5 7. Nfg5 O-O 8. d4 dxc4 9. c3 Be7 10. f4 exf4 11. Bxf4 f5 12. Qh5 h6 13. h4 fxe4 14. Rae1 hxg5 15. hxg5 Bd6 16. g6 Rxf4 17. Qh7+ Kf8 18. Qh8+ Ke7 19. Qxg7+ Ke8 20. Rxf4 Bxf4 21. Qf7# {[%emt 0:00:15] normal} 1-0

[Event "DVM U12w 2023"]
[Site "Magdeburg"]
[Date "2023.12.30"]
[Round "7"]
[White "Trush, Diana"]
[Black "Schmidt Guevara, Daniela"]
[Result "1-0"]
[WhiteElo "980"]
[BlackElo "1083"]
[PlyCount "39"]
[EventDate "2022.12.27"]
[EventType "team-tourn"]
[EventRounds "7"]
[EventCountry "GER"]
[TimeControl "40/5400+30:1800+30"]
[WhiteClock "1:09:07"]
[BlackClock "0:52:49"]

1. e4 e5 2. Nf3 Nc6 3. Bc4 Bc5 4. O-O Nf6 5. d4 exd4 6. e5 Ne4 7. Bd5 f5 8. exf6 Nxf6 9. Re1+ Ne7 10. Ng5 Nfxd5 11. Nc3 Nxc3 12. bxc3 dxc3 13. Qd5 Rf8 14. Qxc5 b6 15. Qd5 Ba6 16. Nxh7 Rf7 17. Qh5 Bc4 18. Ng5 Kf8 19. Qh8+ Ng8 20. Nh7# {[%emt 0:01:01] normal} 1-0